 Dungeon Crawl Stone Soup version 0.31-a0-965-g8a8ce12e04 (webtiles) character file.

Game seed: 6134547017126730304

178096 peacegoldenking the Metamorph (level 17, -1/106 HPs)
             Began as a Felid Wanderer on Oct 27, 2023.
             Was an Initiate of Gozag.
             Constricted to death by a naga warrior (3 damage)
             ... on level 4 of the Snake Pit.
             The game lasted 00:35:01 (28518 turns).

peacegoldenking the Metamorph (Felid Wanderer)     Turns: 28518, Time: 00:35:02

Health: -1/106     AC: 34    Str: 10    XL:     17   Next: 56%
Magic:  18/18      EV: 33    Int: 16    God:    Gozag
Gold:   290        SH:  0    Dex: 27    Spells: 16/16 levels left
                                        Lives:  0   Deaths: 6

rFire   + .          .
                       - Unarmed
rCold   + . .        (shield unavailable)
rNeg    + . .        (body armour unavailable)
rPois   ∞            (helmet unavailable)
rElec   +            (cloak unavailable)
rCorr   +            (gloves unavailable)
SInv    +            (boots unavailable)
Will    ++++.        w - amulet of regeneration
Stlth   +++++++      f - +4 ring of protection
HPRegen 1.17/turn    H - ring of Darkness {Contam rElec Will+ Dex+8 Slay+4}
MPRegen 0.16/turn

%: no passive effects
@: mighty, statue-form, resistant, gold aura, enlightened, flying, constricted,
very slow
A: slow and powerful, torment resistance 1, boosted hp, very small, claws 1,
fangs 3, see invisible, (speed 1), (shaggy fur 3), stealthy paws, no weapons or
thrown items, no armour, multi-lived
a: Begin Untransformation, Renounce Religion, Potion Petition, Call Merchant,
Bribe Branch


You were on level 4 of the Snake Pit.
You worshipped Gozag.
Gozag was aware of your devotion.
You were a living statue of rough stone.
You visited 5 branches of the dungeon, and saw 27 of its levels.
You also visited: Ossuary, Bailey and Ice Cave.

You collected 10505 gold pieces.
You spent 3916 gold pieces at shops.
You paid 6299 gold pieces to Gozag.

Inventory:

Jewellery
 f - a +4 ring of protection (left paw)
 l - an amulet of magic regeneration
 n - a ring of magical power
 q - a ring of ice
 r - the ring of Hoepsose {Ice rElec Will+ Str+4}
   (You found it on level 3 of the Snake Pit)

   [ring of ice]

   Ice:       It enhances your ice magic.
   Str+4:     It affects your strength (+4).
   rF-:       It makes you vulnerable to fire.
   rC+:       It protects you from cold.
   rElec:     It insulates you from electricity.
   Will+:     It increases your willpower.
 v - a +4 ring of slaying
 w - an amulet of regeneration (around neck)
 y - a ring of willpower
 E - a ring of ice
 G - a +5 ring of evasion
 H - the ring of Darkness (right paw) {Contam rElec Will+ Dex+8 Slay+4}
   (You bought it in a shop on level 1 of the Lair of Beasts)

   [ring of slaying]

   Dex+8:     It affects your dexterity (+8).
   Slay+4:    It affects your accuracy & damage with ranged weapons and melee
   (+4).
   rElec:     It insulates you from electricity.
   Will+:     It increases your willpower.
   Contam:    It causes magical contamination when unequipped.
 L - a ring of fire
 N - the amulet of Pride {Spirit Will+}
   (You found it on level 4 of the Lair of Beasts)

   [amulet of guardian spirit]

   Spirit:    It causes incoming damage to be divided between your reserves of
   health and magic.
   Will+:     It increases your willpower.
 O - a +6 ring of dexterity
 X - the amulet "Ojuasow" {Spirit rN+}
   (You took it off a tengu warrior on level 13 of the Dungeon)

   [amulet of guardian spirit]

   Spirit:    It causes incoming damage to be divided between your reserves of
   health and magic.
   rN+:       It protects you from negative energy.
 Y - the ring of Foogrel {rPois rC++ rN+ rCorr}
   (You found it on level 1 of the Snake Pit)

   [ring of resist corrosion]

   rC++:      It greatly protects you from cold.
   rPois:     It protects you from poison rN+: It protects you from negative
   energy.
   rCorr:     It protects you from acid and corrosion.
Talismans
 J - a storm talisman
 P - a granite talisman (active)
Wands
 e - a wand of polymorph (3)
 p - a wand of iceblast (26) (quivered)
 A - a wand of flame (49)
 K - a wand of paralysis (10)
 U - a wand of mindburst (8)
Scrolls
 g - 4 scrolls of teleportation
 h - 4 scrolls of fog
 j - 5 scrolls of amnesia
 m - 12 scrolls of identify
 s - a scroll of poison
 z - 3 scrolls of immolation
 B - 3 scrolls of vulnerability
 C - 2 scrolls of butterflies
 I - 2 scrolls of torment
 W - a scroll of revelation
Potions
 a - 6 potions of invisibility
 b - 3 potions of mutation
 c - 4 potions of curing
 d - 3 potions of brilliance
 i - 4 potions of haste
 k - 6 potions of might
 o - 3 potions of magic
 t - 2 potions of resistance
 u - 2 potions of attraction
 x - 13 potions of ambrosia
 F - 2 potions of lignification
 V - a potion of enlightenment
 Z - a potion of cancellation
Miscellaneous
 D - a tin of tremorstones (2/2)
 R - a phial of floods
 S - a lightning rod (4/4)
 T - a sack of spiders


   Skills:
 - Level 13.2 Fighting
 - Level 15.7 Dodging
 - Level 16.4 Stealth
 - Level 17.6 Unarmed Combat
 * Level 18.4 Shapeshifting


You had 16 spell levels left.
You didn't know any spells.
Your spell library contained the following spells:

 Spells                   Type           Power      Damage    Failure   Level
 Apportation              Tloc           0%         N/A       26%         1
 Foxfire                  Conj/Fire      0%         2x1d4     26%         1
 Necrotise                Necr           0%         1d4       26%         1
 Summon Small Mammal      Summ           0%         N/A       26%         1
 Poisonous Vapours        Pois/Air       0%         N/A       36%         2
 Static Discharge         Conj/Air       0%         3-3/arc   36%         2
 Mephitic Cloud           Conj/Pois/Air  0%         N/A       58%         3
 Volatile Blastmotes      Fire/Tloc      0%         2d10      58%         3
 Airstrike                Air            0%         2d(0-16)  94%         4
 Cause Fear               Hex            0%         N/A       94%         4
 Fulminant Prism          Conj/Hex       0%         3d5       94%         4
 Iskenderun's Mystic Bla  Conj/Tloc      0%         2d3       94%         4
 Summon Lightning Spire   Summ/Air       0%         N/A       94%         4
 Vhi's Electric Charge    Tloc/Air       0%         N/A       94%         4
 Arcjolt                  Conj/Air       0%         1d10      100%        5
 Fireball                 Conj/Fire      0%         3d3       100%        5
 Freezing Cloud           Conj/Ice/Air   0%         6-21      100%        5
 Conjure Ball Lightning   Conj/Air       0%         3x3d6     100%        6
 Plasma Beam              Fire/Air       0%         2x1d10    100%        6
 Starburst                Conj/Fire      0%         6d3       100%        6
 Discord                  Hex            0%         N/A       100%        8
 Disjunction              Tloc           0%         N/A       100%        8
 Maxwell's Capacitive Co  Air            0%         ∞         100%        8
 Dragon's Call            Summ           0%         N/A       100%        9


Dungeon Overview and Level Annotations

Branches:
Dungeon (15/15)            Temple (1/1) D:6            Lair (5/5) D:10
  Swamp (0/4) Lair:3        Snake (4/4) Lair:3        Slime (0/5) Lair:5
    Orc (2/2) D:11            Elf (0/3) Orc:2        Vaults (0/5) D:13
 Depths (0/4) D:15        Ossuary (visited)          Bailey (visited)
  IceCv (visited)

Altars:
Ashenzari
Cheibriados
Dithmenos
Elyvilon
Fedhas
Gozag
Hepliaklqana
Kikubaaqudgha
Makhleb
Nemelex Xobeh
Okawaru
Qazlal
Ru
Sif Muna
Trog
Uskayaw
Vehumet
Wu Jian
Xom
Yredelemnul
Zin
The Shining One

Shops:
D:1 (*[?   D:2 :   D:3 ?   D:8 =   D:9 :   D:11 ?=   D:15 *   Orc:1 (
Orc:2 ((!(   Lair:1 =   Lair:5 =   Snake:3 =

Annotations:
D:9 1 runed translucent door, Bahuunn's ghost, journeyman FoEE
D:10 3 runed translucent doors, DoNotCum's ghost, novice DECj
Lair:2 exclusion: 4 oklob plants
Snake:1 Ruzxi's ghost, adept OpVM


Innate Abilities, Weirdness & Mutations

You are a living statue of rough stone.
Your actions are slow, but your melee attacks are powerful.
You are resistant to unholy torment.
Your maximum health is greatly increased.
You are immune to poison.
You have sharp claws.
You have razor-sharp teeth.
You have supernaturally acute eyesight. (SInv)
((You cover ground quickly. (Speed+)))
((Your thick and shaggy fur keeps you warm. (AC +3, rC+)))
Your paws help you pounce on unaware monsters.
You are incapable of wielding weapons or throwing items.
You cannot wear armour.
You gain extra lives every three experience levels.


Message History

The naga warrior is almost dead.
The naga ritualist closely misses you.
The naga warrior roars a battlecry!
The nagas go into a battle-frenzy!
The naga warrior constricts you.
The salamander hits you from afar with a +0 halberd!
* * * LOW HITPOINT WARNING * * *
You are engulfed in flames.
You resist.
* * * LOW HITPOINT WARNING * * *
You feel better.
The salamander no longer looks unusually strong.
The naga ritualist completely misses you.
The naga warrior closely misses you. The naga warrior constricts you.
The salamander completely misses you.
The naga ritualist hits you but does no damage.
You feel better.
The naga mage is no longer distracted by gold.
The naga warrior hits you with a +0 trident!!
* * * LOW HITPOINT WARNING * * *
The naga warrior constricts you.
The salamander hits you from afar with a +0 halberd!
* * * LOW HITPOINT WARNING * * *
You are engulfed in flames.
You resist.
* * * LOW HITPOINT WARNING * * *
The naga ritualist hits you but does no damage.
The naga mage casts a spell.
The naga mage seems to speed up.
The salamander hits you but does no damage.
The naga warrior completely misses you. The naga warrior constricts you.
As you read the scroll of fear, it crumbles to dust.
You assume a fearsome visage.
The naga ritualist looks frightened!
The salamander looks frightened!
The naga mage looks frightened!
The naga warrior easily resists.
The naga warrior spits poison at you. The splash of poison misses you.
The splash of poison hits the naga ritualist.
The naga warrior's attack snaps the naga ritualist out of its fear.
The naga warrior constricts you.
You die...
Your body crumbles into a pile of gold.

########################
.....).......#..........
............#......)..).
.............#.#........
#.#.#.#.#####..#########
......NN.# #..#
#.#.#.#$## #..#
......$8$# ##.#
#.#.#.#N## ..# ........
..# #.#.#N#.#. ...
..........# #.#.# #.# #
.... ... .# #.# # ##


You could see a naga warrior (strong, catching breath), a salamander (fleeing),
a naga ritualist (strong) and a naga mage (fast, strong, fleeing).

Vanquished Creatures
  Mlioglotl (Snake:3)
  Gastronok (Orc:1)
  Kirke (Lair:4)
  2 nagarajas
  The ghost of Yseiss the Severer, a journeyman AtGl of Makhleb (Snake:1)
  Aizul (Snake:2)
  The ghost of Gadrel the Pannier, a journeyman OgEn of Nemelex Xobeh (Lair:5)
  A stone giant (D:15)
  The ghost of Miduta the Eclecticist, a journeyman DsNe of Kikubaaqudgha (Snake:1)
  Azrael (D:13)
  Snorg (Orc:1)
  2 rakshasas (D:15)
  Fannar (D:11)
  2 vault guards (Bailey)
  A salamander tyrant (Snake:2)
  9 hydras
  3 centaur warriors
  4 catoblepae
  Erica (D:9)
  8 anacondas
  2 boulder beetles
  5 two-headed ogres
  2 death knights
  3 death yaks (Lair:5)
  A deep troll shaman (Lair:5)
  13 naga sharpshooters
  16 naga warriors
  4 tengu warriors
  3 orc high priests (Orc:2)
  A spriggan (Lair:2)
  3 shock serpents
  4 salamander mystics
  10 skeletal warriors
  A phantasmal warrior (D:15)
  An arcanist (D:13)
  5 naga ritualists
  9 orc knights
  A bog body (Lair:3)
  A lindwurm (Lair:5)
  2 necromancers (D:13)
  5 deep elf pyromancers
  11 mana vipers
  6 orc sorcerers
  23 ugly things
  8 manticores
  17 salamanders
  2 elephants (Lair:5)
  2 cyclopes
  5 guardian serpents
  Joseph (D:9)
  36 black mambas
  3 gargoyles
  11 cane toads
  A torpor snail (Lair:5)
  9 naga magi
  5 freezing wraiths
  9 komodo dragons
  7 rime drakes
  3 ice devils (IceCv)
  An anaconda simulacrum (IceCv)
  2 queen bees
  Prince Ribbit (Bailey)
  2 polar bears (Lair:4)
  8 trolls
  7 blink frogs
  3 hornets
  8 dream sheep
  16 slime creatures
  Sigmund (D:7)
  A shadow (D:10)
  A vampire (D:13)
  10 wyverns
  3 fire elementals (D:14)
  78 yaks
  2 hogs (Lair:4)
  4 wraiths
  A steam dragon (D:9)
  3 basilisks
  2 dire elephant simulacra (IceCv)
  5 humans (Bailey)
  8 vampire mosquitoes (D:11)
  A warg (Orc:2)
  A death yak simulacrum (IceCv)
  51 nagas
  Edmund (D:7)
  5 acid dragons
  16 water moccasins
  2 hell hounds
  23 orc warriors
  8 black bears
  2 sky beasts (D:7)
  36 wolves
  9 ogres
  4 boggarts (D:15)
  9 centaurs
  A phantom (D:6)
  3 kobold brigands
  25 bullfrogs
  2 elf zombies (Ossuary)
  3 gnoll sergeants
  2 scorpions (D:4)
  2 two-headed ogre simulacra (IceCv)
  2 cane toad simulacra (IceCv)
  4 wights (D:7)
  An elephant simulacrum (IceCv)
  55 killer bees
  6 howler monkeys
  2 electric eels (Lair:3)
  A human zombie (Ossuary)
  6 jellies
  2 hounds
  20 orc priests
  A sleepcap (D:6)
  Terence (D:2)
  Natasha (thrice) (D:2)
  3 iguanas (D:6)
  28 orc wizards
  A hell rat (Lair:2)
  A polar bear simulacrum (IceCv)
  A troll simulacrum (IceCv)
  4 wolf simulacra (IceCv)
  A hound zombie (Ossuary)
  4 mummies (Ossuary)
  14 gnolls
  A naga simulacrum (IceCv)
  7 adders
  A white imp (IceCv)
  5 ufetubi
  2 adder zombies (Ossuary)
  3 dart slugs
  51 orcs
  3 ball pythons
  7 bats
  8 endoplasms
  3 giant cockroaches
  2 gnoll zombies (Ossuary)
  7 goblins
  3 hobgoblins
  3 jackals (D:2)
  2 quokkas (D:1)
  4 frilled lizards
  2 goblin zombies (Ossuary)
  A jackal zombie (Ossuary)
  19 kobolds
  An orc zombie (Ossuary)
  4 rats
967 creatures vanquished.

Vanquished Creatures (others)
  An occultist (D:12)
  An orc wizard (Orc:2)
  An orc (Orc:1)
3 creatures vanquished.

Grand Total: 970 creatures vanquished

Notes
Turn   | Place    | Note
-------+----------+-------------------------------------------
     0 | D:1      | peacegoldenking the Felid Wanderer began the quest for the
                  | Orb.
     0 | D:1      | peacegoldenking set off with the following items: a potion
                  | of invisibility, a scroll of blinking, a potion of curing,
                  | a potion of brilliance.
     0 | D:1      | Reached XP level 1. HP: 12/12 MP: 2/2
   135 | D:1      | Found Loackar's Armour Emporium.
   145 | D:1      | Found Lang's General Store.
   200 | D:1      | Reached XP level 2. HP: 16/16 MP: 3/3
   354 | D:1      | Found Plog's Weapon Emporium.
   403 | D:1      | Found Vewnuxei's Armour Boutique.
   618 | D:1      | Reached XP level 3. HP: 18/19 MP: 4/4
   642 | D:1      | Found Misibiurph's Magic Scroll Shoppe.
  1114 | D:2      | Reached skill level 1 in Shapeshifting
  1139 | D:2      | Found Ciekk's Book Shoppe.
  1140 | D:2      | Noticed Terence
  1285 | D:2      | Noticed Natasha
  1290 | D:2      | Killed Natasha
  1291 | D:2      | Reached skill level 2 in Shapeshifting
  1291 | D:2      | Reached XP level 4. HP: 15/23 MP: 5/5
  1464 | D:2      | Killed Terence
  1550 | D:2      | Noticed Natasha
  1561 | D:2      | Killed Natasha
  1562 | D:2      | Reached skill level 3 in Shapeshifting
  1786 | D:2      | Found Ciekk's Book Shoppe.
  1875 | D:2      | Noticed Natasha
  1886 | D:2      | Killed Natasha
  1887 | D:2      | Reached XP level 5. HP: 16/26 MP: 6/6
  2568 | D:3      | Found Mickuapt's Magic Scroll Boutique.
  2678 | D:3      | Reached skill level 4 in Shapeshifting
  3045 | D:4      | Reached skill level 5 in Shapeshifting
  3045 | D:4      | Gained mutation: You are covered in thick fur. (AC +2)
                  | [Felid growth]
  3045 | D:4      | Reached XP level 6. HP: 30/30 MP: 7/7
  3125 | D:4      | Found a sand-covered staircase.
  3133 | Ossuary  | Entered an ossuary
  3258 | Ossuary  | Reached skill level 6 in Shapeshifting
  3270 | Ossuary  | Slain by a human zombie
  3351 | Ossuary  | Reached XP level 7. HP: 15/33 MP: 8/8
  3690 | D:4      | HP: 1/32 [orc priest/divine providence (14)]
  3822 | D:4      | Reached skill level 7 in Shapeshifting
  4145 | D:5      | Entered Level 5 of the Dungeon
  4432 | D:5      | Reached skill level 5 in Unarmed Combat
  4958 | D:6      | Reached XP level 8. HP: 37/37 MP: 9/9
  5366 | D:6      | Found a staircase to the Ecumenical Temple.
  5375 | Temple   | Entered the Ecumenical Temple
  6114 | D:7      | Reached XP level 9. HP: 41/41 MP: 10/10
  6329 | D:7      | Reached skill level 8 in Shapeshifting
  7030 | D:7      | Reached skill level 5 in Stealth
  7254 | D:7      | Noticed Sigmund
  7266 | D:7      | Killed Sigmund
  7282 | D:7      | Noticed Edmund
  7292 | D:7      | Killed Edmund
  7293 | D:7      | Reached skill level 5 in Dodging
  7465 | D:8      | Noticed a troll
  7468 | D:8      | Killed a troll
  7661 | D:8      | Found Kaemmo Toitu's Jewellery Emporium.
  7667 | D:8      | Bought an amulet of regeneration for 390 gold pieces
  7758 | D:8      | Found a sacrificial altar of Ru.
  7826 | D:8      | Reached skill level 9 in Shapeshifting
  7877 | D:8      | Found a hazy altar of Hepliaklqana.
  7884 | D:8      | Found an iron altar of Okawaru.
  7884 | D:8      | Found a bloodstained altar of Trog.
  7884 | D:8      | Found a burning altar of Makhleb.
  7886 | D:8      | Found a white marble altar of Elyvilon.
  8157 | D:8      | Noticed a troll
  8169 | D:8      | Paralysed by a hornet for 1 turns
  8171 | D:8      | Reached XP level 10. HP: 26/46 MP: 11/11
  8508 | D:9      | Noticed Bahuunn's ghost (journeyman FoEE)
  8508 | D:9      | Found a runed translucent door.
  8546 | D:9      | Found a hide-covered altar of Uskayaw.
  8566 | D:9      | Found Xiutum's Self-Improvement Boutique.
  8597 | D:9      | Killed from afar by an acid dragon
  8633 | D:9      | Noticed Erica
  8649 | D:9      | Found a flagged portal.
  8656 | D:9      | Collided with a stone wall
  8657 | D:9      | Found an opulent altar of Gozag.
  8660 | D:9      | Became a worshipper of Gozag Ym Sagoz the Greedy
  8824 | D:9      | Noticed Joseph
  8833 | D:9      | Killed Joseph
  8873 | Bailey   | Entered a bailey
  8922 | Bailey   | Reached skill level 10 in Unarmed Combat
  8922 | Bailey   | Reached skill level 10 in Shapeshifting
  9016 | Bailey   | Noticed a vault guard
  9016 | Bailey   | Noticed Prince Ribbit
  9034 | Bailey   | Killed a vault guard
  9035 | Bailey   | Reached XP level 11. HP: 20/50 MP: 12/12
  9039 | Bailey   | Killed Prince Ribbit
  9090 | Bailey   | Noticed a vault guard
  9103 | Bailey   | Killed a vault guard
  9427 | D:9      | Killed Erica
  9513 | D:10     | Entered Level 10 of the Dungeon
  9792 | D:10     | Found a runed translucent gate.
  9792 | D:10     | Found a runed translucent gate.
  9792 | D:10     | Found a runed translucent gate.
  9799 | D:10     | Noticed DoNotCum's ghost (novice DECj)
  9844 | D:10     | Noticed a two-headed ogre
  9853 | D:10     | Killed a two-headed ogre
  9854 | D:10     | Reached skill level 11 in Shapeshifting
  9902 | D:10     | Found a staircase to the Lair.
  9931 | D:10     | Noticed a deep elf pyromancer
  9936 | D:10     | Killed a deep elf pyromancer
 10445 | D:11     | Found a staircase to the Orcish Mines.
 10758 | D:11     | Gained mutation: Your thick and shaggy fur keeps you warm.
                  | (AC +3, rC+) [Felid growth]
 10758 | D:11     | Reached XP level 12. HP: 51/56 MP: 13/13
 11094 | D:11     | Noticed a two-headed ogre
 11195 | D:11     | Noticed Fannar
 11203 | D:11     | Killed Fannar
 11415 | D:11     | Killed a two-headed ogre
 11430 | D:11     | Reached skill level 10 in Stealth
 11733 | D:12     | Noticed a seven-headed hydra
 11829 | D:12     | Noticed a two-headed ogre
 11832 | D:12     | Killed a two-headed ogre
 11833 | D:12     | Reached skill level 12 in Shapeshifting
 11858 | D:12     | Killed a seven-headed hydra
 11941 | D:14     | Identified the "Xyeha"
 11941 | Lair:1   | Entered Level 1 of the Lair of Beasts
 12314 | Lair:1   | Found a frozen archway.
 12323 | Lair:1   | Reached skill level 10 in Dodging
 12329 | IceCv    | Entered an ice cave
 12663 | IceCv    | Found an ancient bone altar of Kikubaaqudgha.
 13059 | Lair:1   | Reached XP level 13. HP: 60/60 MP: 14/14
 13807 | Lair:2   | Reached skill level 13 in Shapeshifting
 14640 | Lair:2   | Reached skill level 10 in Fighting
 14834 | Lair:1   | Bought the ring of Darkness {Contam rElec Will+ Dex+8
                  | Slay+4} for 1486 gold pieces
 15474 | Lair:3   | Found a staircase to the Snake Pit.
 15592 | Lair:3   | Found a staircase to the Swamp.
 16058 | Lair:4   | Noticed Kirke
 16074 | Lair:4   | Killed Kirke
 16131 | Lair:4   | Identified the amulet of Pride {Spirit Will+}
 16391 | Lair:4   | Reached XP level 14. HP: 37/66 MP: 8/15
 16710 | Lair:5   | Entered Level 5 of the Lair of Beasts
 16775 | Lair:5   | Reached skill level 14 in Shapeshifting
 17305 | Lair:5   | Found a runed translucent gate.
 17305 | Lair:5   | Found a runed translucent gate.
 17779 | Lair:5   | Found a staircase to the Slime Pits.
 17855 | Lair:5   | Found a runed translucent gate.
 17857 | Lair:5   | Noticed Gadrel's ghost (journeyman OgEn)
 19286 | Lair:5   | Killed Gadrel's ghost
 19665 | Lair:5   | Slain by a 14-headed hydra
 19773 | Lair:5   | Found a staircase to the Slime Pits.
 19907 | Lair:5   | Found Qestry's Jewellery Shoppe.
 20449 | Lair:5   | Bought a granite talisman for 840 gold pieces
 20698 | D:12     | Identified the staff "Uthrosie" {rC+ rN+ Will+ Necro}
 21313 | D:12     | Reached skill level 15 in Unarmed Combat
 21406 | D:12     | You fall into a shaft and drop 3 floors!
 21406 | D:15     | Entered Level 15 of the Dungeon
 21407 | D:15     | Found a staircase to the Depths.
 21407 | D:15     | Noticed a stone giant
 21410 | D:15     | Killed a stone giant
 21411 | D:15     | Reached skill level 15 in Shapeshifting
 21498 | D:15     | Reached XP level 15. HP: 71/71 MP: 16/16
 21879 | D:13     | Noticed Azrael
 22559 | D:13     | Found a gate to the Vaults.
 22614 | D:13     | Killed from afar by Azrael
 22631 | D:13     | Killed Azrael
 22733 | D:13     | Identified the amulet "Ojuasow" {Spirit rN+}
 23642 | D:15     | Reached skill level 16 in Shapeshifting
 24161 | Orc:1    | Entered Level 1 of the Orcish Mines
 24328 | Orc:2    | Entered Level 2 of the Orcish Mines
 24446 | Orc:2    | Reached XP level 16. HP: 76/76 MP: 17/17
 24554 | Orc:2    | Found a staircase to the Elven Halls.
 24613 | Orc:2    | Found Vemiuf's Weapon Shop.
 24648 | Orc:2    | Reached skill level 15 in Stealth
 24739 | Orc:2    | Found Hoqyiv's Distillery.
 24778 | Orc:2    | Found Volawk's Weapon Shop.
 24783 | Orc:2    | Found Ihei's Antique Weapon Emporium.
 25222 | Orc:1    | Noticed Snorg
 25229 | Orc:1    | Killed Snorg
 25261 | Orc:1    | Found Enkofupt's Weapon Shop.
 25440 | Orc:1    | Noticed Gastronok
 25450 | Orc:1    | Killed Gastronok
 25860 | Snake:1  | Entered Level 1 of the Snake Pit
 25897 | Snake:1  | Found a runed translucent gate.
 25897 | Snake:1  | Found a runed translucent gate.
 25901 | Snake:1  | Found a runed translucent gate.
 25902 | Snake:1  | Noticed Yseiss's ghost (journeyman AtGl)
 25902 | Snake:1  | Noticed Ruzxi's ghost (adept OpVM)
 25903 | Snake:1  | Noticed Miduta's ghost (journeyman DsNe)
 25959 | Snake:1  | Identified the ring of Foogrel {rPois rC++ rN+ rCorr}
 26623 | Snake:1  | Killed Yseiss's ghost
 26632 | Snake:1  | Killed Miduta's ghost
 26637 | Snake:1  | Killed from afar by Ruzxi's ghost
 26727 | Snake:2  | Reached skill level 15 in Dodging
 26742 | Snake:2  | Reached skill level 17 in Shapeshifting
 26844 | Snake:2  | Identified the serpent talisman of Gozag's Delight {Int+2
                  | Dex+5 SInv}
 26844 | Snake:2  | Noticed Aizul
 26860 | Snake:2  | Killed Aizul
 27419 | Snake:2  | Reached XP level 17. HP: 81/81 MP: 18/18
 27946 | Snake:3  | Identified the ring of Hoepsose {Ice rElec Will+ Str+4}
 28076 | Snake:3  | Noticed Mlioglotl
 28084 | Snake:3  | Killed Mlioglotl
 28299 | Snake:3  | Bought a storm talisman for 1200 gold pieces
 28313 | Snake:4  | Entered Level 4 of the Snake Pit
 28366 | Snake:4  | Reached skill level 18 in Shapeshifting
 28517 | Snake:4  | HP: 5/106 [salamander/+0 halberd (11)]
 28517 | Snake:4  | HP: 1/106 [salamander/+0 halberd (4)]
 28518 | Snake:4  | Constricted to death by a naga warrior

Illustrated notes

Levels and vault maps discovered:
D:1:      kennysheep_arrival_seaside, layout_loops_cross, serial_shops,
          shop_coins, shop_fountains, shop, nicolae_shop_tiny_statue_garden,
          nicolae_shop_trees
D:2:      layout_loops_ring, serial_shops, shop, uniq_terence, uniq_natasha
D:3:      layout_basic, serial_shops, shop
D:4:      layout_basic, nicolae_ossuary_entry_plus
D:5:      layout_loops_cross
D:6:      layout_loops_cross, minmay_temple_entry_junction_2,
          hangedman_decor_clover_reticule, minmay_misc_feat_encased
D:7:      layout_rooms, sigmund_edmund_badplayer
D:8:      layout_loops_corners, minitemple, serial_shops, shop,
          minmay_chambers_of_fives
D:9:      layout_rooms, grunt_gozag_breadcrumbs, amcnicky_altar_gilded,
          hellmonk_ghost_happy_afterlife, enter_bailey_3,
          nicolae_shop_self_help, uniq_joseph, uniq_erica
D:10:     layout_roguey, lair_entry_dummy, gammafunk_ghost_spectres,
          evilmike_minifort
D:11:     layout_loops_corners, hiddenorc1_lemuel, special_room
          [special_room_bee], hangedman_decor_riveting, nrook_campfire,
          uniq_fannar
D:12:     layout_roguey, minmay_the_grid_square_5x5_3x3_mashed
          [minmay_the_grid_square_5x5_six_small,
          minmay_the_grid_square_5x5_three_small,
          minmay_the_grid_square_5x5_detours,
          minmay_the_grid_square_5x5_two_walls_a,
          minmay_the_grid_square_5x5_megaprize_crossed,
          minmay_the_grid_square_5x5_inner_z,
          minmay_the_grid_square_5x5_hollow_slash,
          minmay_the_grid_square_5x5_longway,
          minmay_the_grid_square_5x5_doubleslash]
D:13:     layout_cave_pools, david_vaults_1, gauntlet_entry_generic, uniq_azrael
D:14:     layout_basic, hangedman_abyss_or_decor_stagger
D:15:     grunt_enter_depths_snipers, layout_cross, dreamdust_princess_corridor
Temple:   nicolae_temple_ecumenical_triangle
Lair:1:   layout_long_grid, portal_ice_cave_rime, beast_lair_carwin_5,
          infiniplex_staircase_pool, grunt_megastairs_5, serial_bayou_shore_a
Lair:2:   hangedman_what_comes_after_a, layout_loops_ring,
          grunt_forest_large_clearings, infiniplex_staircase_pool_2
Lair:3:   layout_gridlike, nicolae_swamp_entry_splash_gauntlet,
          nicolae_snake_entry_squirm
Lair:4:   layout_misc_corridors, uniq_kirke
Lair:5:   grunt_lair_end_beastmaster, layout_regular_city,
          nicolae_slime_entry_slimehenge, gammafunk_ghost_hydra_chop
Snake:1:  layout_misc_corridors, gammafunk_ghost_cemetery,
          nicolae_snake_coiling_death
Snake:2:  layout_misc_corridors, nicolae_snake_salamander_stairs, uniq_aizul
Snake:3:  layout_misc_corridors, uniq_mlioglotl
Snake:4:  hellmonk_snake_rune_quicksilver_temple, layout_concentric_octagons,
          basic_altar, st_stairs_10, grunt_megastairs_3
Orc:1:    layout_caves, nicolae_volcano_entry_s_turn, serial_shops, shop,
          nicolae_orc_rockfall, guppyfry_library_mini, uniq_gastronok,
          uniq_snorg
Orc:2:    st_orc_elflike, layout_diamond_mine

Skill      XL: |  1  2  3  4  5  6  7  8  9 10 11 12 13 14 15 16 17 |
---------------+----------------------------------------------------+-----
Stealth        | 2 4 6 7 9 10 12 13 14 16 | 16.4
Dodging        | 2 3 5 7 8 10 11 13 14 15 | 15.7
Shapeshifting  | 2 3 5 6 7 9 10 11 12 13 15 16 17 18 | 18.4
Unarmed Combat | 6 7 9 10 11 12 13 15 16 17 | 17.6
Fighting       | 6 7 8 9 10 11 12 13 | 13.2

Action                     |  1- 3 |  4- 6 |  7- 9 | 10-12 | 13-15 | 16-18 || total
---------------------------+-------+-------+-------+-------+-------+-------++-------
  Melee: Unarmed           |    84 |   195 |   366 |   759 |  1240 |   606 ||  3250
         Bite              |     6 |    26 |    63 |   128 |   207 |    70 ||   500
         Punch             |     1 |     5 |       |       |    79 |    73 ||   158
 Invoke: Call Merchant     |       |       |       |     1 |     3 |     2 ||     6
         Potion Petition   |       |       |       |       |       |     1 ||     1
  Evoke: Wand              |       |     1 |       |       |       |       ||     1
    Use: Potion            |       |     1 |     4 |     5 |     9 |     2 ||    21
         Scroll            |       |       |    17 |     7 |    12 |     3 ||    39
   Stab: Sleeping          |     9 |     4 |     2 |     6 |    17 |    21 ||    59
         Distracted        |     1 |     1 |     1 |     9 |    23 |    16 ||    51
         Petrifying        |       |       |       |       |     1 |       ||     1
 Armour: Skin              |    26 |    76 |   180 |   246 |   513 |   243 ||  1284
  Dodge: Dodged            |    58 |   156 |   328 |   762 |  1854 |  1161 ||  4319
   Form: Flux              |       |       |     1 |       |     3 |       ||     4
         Blade             |       |       |       |       |     2 |       ||     2
         Statue            |       |       |       |       |     2 |     1 ||     3
         Storm             |       |       |       |       |       |     1 ||     1

Table legend: (Time is in decaauts)
 A = Elapsed time spent in this place.
 B = Non-inter-level travel time spent in this place.
 C = Inter-level travel time spent in this place.
 D = Time resting spent in this place.
 E = Time spent auto-exploring this place.
 F = Levels seen in this place.
 G = Mean time per level.
                   A        B        C        D        E       F      G
               +--------+--------+--------+--------+--------+-----+--------+
         Total |  29064 |  27270 |   1794 |    100 |  20694 |  30 |  968.8 |
       Dungeon |  14612 |  13630 |    982 |      0 |  10581 |  15 |  974.1 |
        Temple |    121 |    121 |      0 |      0 |    110 |   1 |  121.0 |
          Lair |   7146 |   6684 |    462 |      0 |   5171 |   5 | 1429.2 |
     Snake Pit |   3753 |   3542 |    211 |      0 |   2493 |   4 |  938.2 |
  Orcish Mines |   2254 |   2116 |    138 |      0 |   1773 |   2 | 1127.0 |
       Ossuary |    490 |    490 |      0 |    100 |    170 |   1 |  490.0 |
        Bailey |    289 |    289 |      0 |      0 |    171 |   1 |  289.0 |
      Ice Cave |    395 |    395 |      0 |      0 |    223 |   1 |  395.0 |
               +--------+--------+--------+--------+--------+-----+--------+

Top non-repeatable levels by time:
  Lair:5: 3018 daAuts
    D:14: 1670 daAuts
    D:11: 1452 daAuts
    D:12: 1446 daAuts
   Orc:2: 1313 daAuts
 Snake:2: 1295 daAuts
     D:6: 1206 daAuts
 Snake:1: 1192 daAuts
  Lair:2: 1180 daAuts
     D:2: 1172 daAuts
    D:15: 1113 daAuts
  Lair:1: 1018 daAuts
 Snake:3: 1001 daAuts
  Lair:4: 980 daAuts
  Lair:3: 948 daAuts
